 Dungeon Crawl Stone Soup: Circus Animals version 1.7-37-g2c94cca (webtiles) character file.

3393 Ihatecarrots00 the Cleaver (level 13, -2/184 HPs) *EASY*
             Began as a Minotaur Berserker on Aug 30, 2016.
             Was the Champion of Trog.
             Slain by a 12-headed hydra (7 damage)
             ... on level 7 of the Lair of Beasts on Aug 31, 2016.
             The game lasted 00:52:02 (18586 turns).

Ihatecarrots00 the Cleaver (Minotaur Berserker)    Turns: 18586, Time: 00:52:02

Health: -2/184     AC: 17    Str: 27    XL:     13   Next: 95%
Magic:  75/75      EV:  6    Int:  4    God:    Trog [******]
Gold:   1327       SH:  0    Dex: 10    Spells: 0 memorised, 12 levels left

rFire  x . .     rPois    +     o - +7 battleaxe of Freehold {feather, rElec rPois rF- SInv}
rCold  . . .     rElec    +     u - +2 plate armour
rNeg   . . .     rCorr    .     (shield currently unavailable) MagicSh . . . SeeInvis +
                                (helmet restricted) StaminaSh . . . Faith .
                                (no cloak) RegenHP +++++.....
SustAt .                        (no gloves) RegenSP +++....... Dismiss .
                                E - +2 pair of boots RegenMP +++....... Reflect .
                                (no amulet)
MR     .....     Harm     .     (no ring)
Stlth  ..........               (no ring)

@: tired, slow, not resistant to hostile enchantments, extremely unstealthy
A: retaliatory headbutt, horns 2
a: Berserk, Trog's Hand, Brothers in Arms, Burn Spellbooks, Renounce Religion


You were on level 7 of the Lair of Beasts.
You worshipped Trog.
Trog was exalted by your worship.
You were not hungry.

You visited 2 branches of the dungeon, and saw 14 of its levels.

You collected 1327 gold pieces.

Inventory:

Hand Weapons
 a - a +0 hand axe
 g - a +5 falchion of holy wrath
 h - a +1 halberd of feathers
 j - a +1 war axe of draining
 o - the +7 battleaxe of Freehold (weapon) {feather, rElec rPois rF- SInv}
   (Trog gifted it to you on level 7 of the Dungeon)

   It is lighter than normal, reducing stamina cost when using it.
   It makes you vulnerable to fire.
   It insulates you from electricity.
   It protects you from poison.
   It lets you see invisible.
 t - a +1 scimitar
 v - a +2 hand crossbow of feathers
 A - a +2 antimagic battleaxe
 F - a +5 executioner's axe of draining
Missiles
 z - 51 silver bolts
 C - 33 needles of confusion
Armour
 b - a +0 animal skin
 d - a +4 chain mail
 i - a +0 scale mail
 s - a +0 buckler
 u - a +2 plate armour (worn)
 E - a +2 pair of boots (worn)
Jewellery
 c - an uncursed ring of stealth
 e - an uncursed amulet of magic regeneration {unknown}
 k - an uncursed ring of sustain attributes {unknown}
 l - an uncursed ring of positive energy {unknown}
 m - an uncursed amulet of dismissal {unknown}
 q - an uncursed ring of positive energy {unknown}
 r - a cursed amulet of inaccuracy {unknown}
 w - a cursed amulet of inaccuracy {unknown}
 y - a +3 ring of evasion {unknown}
 B - an uncursed ring of fire {unknown}
 D - a +4 ring of dexterity {unknown}
 G - the ring of Siacri Erusch {SustAt rC+, unknown}
   (You found it on level 5 of the Lair of Beasts)

   [ring of sustain attributes]

   It sustains your strength, intelligence and dexterity.
   It protects you from cold.
 H - an uncursed ring of sustain attributes {unknown}
 I - an uncursed ring of flight {unknown}
Wands
 f - a wand of iceblast (30/21)
 n - a wand of paralysis (6/24)
 p - a wand of random effects (27/48)
 x - a wand of confusion (9/48)
 J - a wand of teleportation (3/9)
Scrolls
 e - 2 scrolls of magic mapping
 f - 4 scrolls of identify
 i - 11 scrolls of teleportation
 l - 4 scrolls of immolation
 o - 3 scrolls of vulnerability {unknown}
 p - 5 scrolls of remove curse
 t - a scroll of enchant armour
 y - 2 scrolls of torment
 C - a scroll of recharging
 D - 2 scrolls of fear
Potions
 a - 5 potions of heal wounds
 b - 15 potions of stamina
 c - 14 potions of magic
 d - a potion of brilliance
 g - 9 potions of flight
 h - 3 potions of mutation {unknown}
 j - 4 potions of resistance {unknown}
 k - 5 potions of agility {unknown}
 m - 5 potions of degeneration {unknown}
 n - 8 potions of ambrosia {unknown}
 q - 12 potions of curing {unknown}
 s - 2 potions of might {unknown}
 v - a potion of cure mutation {unknown}
 w - 7 potions of lignification {unknown}
 x - 3 potions of berserk rage {unknown}
 z - 3 potions of invisibility {unknown}
 A - 3 potions of haste {unknown}
 B - a potion of cancellation {unknown}
 E - a potion of beneficial mutation {unknown}
Books
 r - a book of Burglary

   Spells                             Type                      Level
   a - Swiftness                      Charms/Air/Time              2
   b - Passwall                       Transmutation/Earth          2
   c - Passage of Golubria            Translocation/Air            4
   d - Lee's Rapid Deconstruction     Transmutation/Earth          5
   e - Darkness                       Hexes/Darkness               6
   f - Invisibility                   Charms/Transmutation/Darkness 6
   Trog disapproves of the use of such an item.
 u - a book of Ice

   Spells                             Type                      Level
   a - Ice Form                       Ice/Transmutation            4
   b - Metabolic Englaciation         Hexes/Ice                    5
   c - Ozocubu's Refrigeration        Hexes/Ice                    6
   d - Bolt of Cold                   Conjuration/Ice              6
   e - Freezing Cloud                 Conjuration/Ice/Air          6
   f - Simulacrum                     Ice/Necromancy/Summoning     6
   Trog disapproves of the use of such an item.


   Skills:
 + Level 9.5 Fighting
 + Level 9.9 Axes
 + Level 8.9 Armour
 + Level 8.5 Dodging


You had 12 spell levels left.
You didn't know any spells.

Dungeon Overview and Level Annotations

Branches:
Dungeon (7/7)                Lair (7/7) D:7          Shoals (0/4) Lair:6
  Snake (0/4) Lair:5        Swamp (0/4) Lair:6
    Orc: Lair:7

Altars:
Cheibriados
Hepliaklqana
Nemelex Xobeh
Okawaru
Qazlal
Sif Muna


Innate Abilities, Weirdness & Mutations

You reflexively headbutt those who attack you in melee.
You have a pair of horns on your head.


Message History

The 12-headed hydra bites you but does no damage. x4
The 12-headed hydra misses you. The 12-headed hydra bites you. (hp-2)
* * * LOW HITPOINT WARNING * * *; The 12-headed hydra barely misses you.
The 12-headed hydra bites you. (hp-3)
* * * LOW HITPOINT WARNING * * *
The 12-headed hydra bites you but does no damage.
The 12-headed hydra bites you. (hp-6) Damage (6) was greater than 30% of your hp (16)!!!
* * * LOW HITPOINT WARNING * * *
The 12-headed hydra bites you but does no damage.
The 12-headed hydra bites you. (hp-2)
* * * LOW HITPOINT WARNING * * *; The 12-headed hydra completely misses you.
The 12-headed hydra closely misses you.
The 12-headed hydra bites you but does no damage.
The 12-headed hydra bites you. (hp-2)
* * * LOW HITPOINT WARNING * * *
The 12-headed hydra bites you but does no damage.
The 12-headed hydra bites you! (hp-7)
* * * LOW HITPOINT WARNING * * *; The 12-headed hydra bites you! (hp-7)
You die...

#..8........#..8..##.
#.....#...8..##......#
#.....##..†..#......###.
#.....##......#.........
##.....#......##.#......
#..#..#..........
........#..#.P#.
..........#†.P.#
.....#.###†@...# .....##
#.#D†.## ... ##....# ..
#....# .#....# .#....##
# #...# #...# ..P


You could see a 12-headed hydra.

Vanquished Creatures
  Maud (Lair:3)
  9 hydras
  A catoblepas (Lair:2)
  7 death yaks
  A fire crab (Lair:5)
  2 griffons
  8 elephants (Lair:7)
  Pikel (Lair:4)
  A torpor snail (Lair:7)
  15 spiny frogs
  12 komodo dragons
  14 black mambas
  A giant leech (Lair:6)
  4 rime drakes
  2 polar bears
  5 blink frogs (Lair:4)
  18 yaks
  Duvessa (Lair:7)
  A swamp worm (Lair:6)
  2 basilisks
  7 hippogriffs
  A wyvern (Lair:6)
  A phantom (D:6)
  3 nagas (Lair:5)
  15 water moccasins
  An ice beast (D:7)
  4 slaves (Lair:4)
  8 ogres
  Dowan (Lair:7)
  15 crocodiles
  21 porcupines
  25 wolves
  6 centaurs
  17 giant frogs
  2 scorpions
  A giant frog zombie (D:7)
  5 electric eels
  7 dart slugs
  6 hounds
  A howler monkey (D:5)
  3 jellies
  An orc priest (D:6)
  4 giant geckos
  7 iguanas
  10 orcs
  2 orc wizards
  A quasit (D:7)
  28 sheep
  12 worker ants
  14 adders
  2 ball pythons
  14 bats
  2 crimson imps
  10 giant cockroaches
  9 gnolls
  6 goblins
  14 hobgoblins
  14 jackals
  5 quokkas
  67 river rats
  An adder skeleton (D:6)
  An adder zombie (D:7)
  2 giant gecko skeletons (D:5)
  6 giant newts
  A hound skeleton (D:4)
  A hound zombie (D:7)
  A howler monkey skeleton (D:7)
  10 kobolds
  An ooze (D:5)
  14 rats
  6 worms
  23 fungi
  22 plants
567 creatures vanquished.

Vanquished Creatures (others)
  5 fungi
  3 plants
8 creatures vanquished.

Grand Total: 575 creatures vanquished

Notes
Turn   | Place    | Note
-------+----------+-------------------------------------------
     0 | D:1      | Ihatecarrots00 the Minotaur Berserker began the quest for the Orb.
     0 | D:1      | Reached XP level 1. HP: 39/39 MP: 75/75
   359 | D:1      | Reached skill level 5 in Axes
   359 | D:1      | Reached XP level 2. HP: 51/51 MP: 75/75
   822 | D:1      | Reached XP level 3. HP: 63/63 MP: 75/75
  1043 | D:1      | Reached ** piety under Trog
  1421 | D:2      | Reached XP level 4. HP: 75/76 MP: 75/75
  1629 | D:2      | Reached *** piety under Trog
  1964 | D:2      | Found an iron altar of Okawaru.
  2206 | D:3      | Reached **** piety under Trog
  2910 | D:3      | Reached XP level 5. HP: 84/88 MP: 75/75
  3809 | D:4      | Found a snail-covered altar of Cheibriados.
  4136 | D:4      | Reached ***** piety under Trog
  4144 | D:4      | Found a faded altar of an unknown god.
  4346 | D:5      | Entered Level 5 of the Dungeon
  4768 | D:5      | Reached XP level 6. HP: 100/100 MP: 75/75
  5516 | D:6      | Reached skill level 5 in Fighting
  5822 | D:7      | Entered Level 7 of the Dungeon
  5919 | D:7      | Found a stormy altar of Qazlal.
  6009 | D:7      | Reached XP level 7. HP: 107/112 MP: 75/75
  6110 | D:7      | Found a staircase to the Lair.
  6125 | D:7      | Received a gift from Trog
  6164 | D:7      | Got a warped battleaxe {god gift}
  6829 | D:7      | Found a sparkling altar of Nemelex Xobeh.
  6947 | D:7      | Found a hazy altar of Hepliaklqana.
  7614 | Lair:1   | Entered Level 1 of the Lair of Beasts
  7756 | Lair:1   | Noticed a black mamba
  7768 | Lair:1   | Killed a black mamba
  7946 | Lair:1   | Reached XP level 8. HP: 56/124 MP: 75/75
  8492 | Lair:2   | Reached ****** piety under Trog
  8677 | Lair:2   | Reached XP level 9. HP: 136/136 MP: 75/75
  8695 | Lair:2   | Reached skill level 5 in Armour
  8800 | Lair:2   | Noticed a catoblepas
  8914 | Lair:2   | Killed a catoblepas
  8914 | Lair:2   | Reached skill level 5 in Dodging
  9549 | Lair:2   | Identified the +7 battleaxe of Freehold {feather, rElec rPois rF- SInv} (Trog gifted it to you on level 7 of the Dungeon)
  9765 | Lair:3   | Received a gift from Trog
  9840 | Lair:3   | Noticed Maud
  9871 | Lair:3   | Killed Maud
  9871 | Lair:3   | Reached XP level 10. HP: 54/148 MP: 75/75
 10462 | Lair:3   | Noticed a two-headed hydra
 10479 | Lair:3   | Killed a 12-headed hydra
 10852 | Lair:3   | Noticed a two-headed hydra
 10867 | Lair:3   | Killed a 12-headed hydra
 10867 | Lair:3   | Reached XP level 11. HP: 100/160 MP: 75/75
 12410 | Lair:4   | Received a gift from Trog
 12996 | Lair:4   | Noticed Pikel
 13009 | Lair:4   | Killed Pikel
 13871 | Lair:5   | Noticed a two-headed hydra
 13889 | Lair:5   | Killed a 12-headed hydra
 13954 | Lair:5   | Received a gift from Trog
 13977 | Lair:5   | Reached XP level 12. HP: 145/172 MP: 75/75
 14149 | Lair:5   | Found a staircase to the Snake Pit.
 14330 | Lair:5   | Got a clouded jade ring
 16256 | Lair:6   | Received a gift from Trog
 16318 | Lair:6   | Reached XP level 13. HP: 152/184 MP: 75/75
 16497 | Lair:6   | Found a staircase to the Shoals.
 16507 | Lair:6   | Found a deep blue altar of Sif Muna.
 16831 | Lair:6   | Found a staircase to the Swamp.
 18155 | Lair:7   | Entered Level 7 of the Lair of Beasts
 18155 | Lair:7   | Noticed Dowan
 18179 | Lair:7   | HP: 40/406 [16-headed hydra (4)]
 18180 | Lair:7   | HP: 18/406 [17-headed hydra (2)]
 18399 | Lair:7   | Noticed Duvessa
 18411 | Lair:7   | Killed Duvessa
 18424 | Lair:7   | Killed Dowan
 18586 | Lair:7   | HP: 16/184 [12-headed hydra (6)]
 18586 | Lair:7   | HP: 5/184 [12-headed hydra (7)]
 18586 | Lair:7   | Slain by a 12-headed hydra

Skill      XL: |  1  2  3  4  5  6  7  8  9 10 11 12 13 |
---------------+----------------------------------------+-----
Axes           | 5 6 7 8 9 |  9.9
Armour         | 3 4 5 6 7 8 |  8.9
Dodging        | 3 4 5 6 7 8 |  8.5
Fighting       | 5 6 7 8 9 |  9.5

Action                   |  1- 3 |  4- 6 |  7- 9 | 10-12 | 13-15 || total
-------------------------+-------+-------+-------+-------+-------++-------
Melee: Hand axe          |    78 |   179 |       |       |       ||   257
       Headbutt          |    13 |   122 |   228 |    93 |    46 ||   502
       Falchion          |       |   504 |  1068 |       |       ||  1572
       Battleaxe         |       |       |    52 |   517 |   203 ||   772
 Fire: Hand crossbow     |       |       |       |    50 |       ||    50
Invok: Berserk           |       |     1 |     8 |     5 |     2 ||    16
  Use: Scroll            |       |     9 |    13 |     7 |       ||    29
       Potion            |       |       |       |     1 |     1 ||     2
 Stab: Sleeping          |       |     1 |     1 |     1 |       ||     3
Armor: Animal skin       |     3 |       |       |       |       ||     3
       Chain mail        |    18 |   270 |   363 |       |       ||   651
       Plate armour      |       |       |       |   603 |   397 ||  1000
Dodge: Dodged            |    49 |   355 |   491 |   520 |   242 ||  1657
